 Dungeon Crawl Stone Soup version 0.20-a0-733-gf92fd71 (webtiles) character file.

492 Firecrotchwizard the Ruffian (level 6, -4/51 HPs)
             Began as a Centaur Transmuter on Feb 22, 2017.
             Slain by Duvessa
             ... wielding a +0 short sword
              (7 damage)
             ... on level 5 of the Dungeon.
             The game lasted 00:14:40 (4479 turns).

Firecrotchwizard the Ruffian (Centaur Transmuter)   Turns: 4479, Time: 00:14:41

Health: -4/51      AC:  9    Str: 13    XL:     6   Next: 91%
Magic:  6/8        EV:  9    Int: 14    God:
Gold:   192        SH:  0    Dex:  9    Spells: 2/8 levels left

rFire    . . .     SeeInvis .     - Unarmed
rCold    . . .     Gourm    .   b - +0 robe
rNeg     . . .     Faith    .   (no shield)
rPois    .         Spirit   .   w - +0 helmet
rElec    .         Reflect  .   (no cloak)
rCorr    .         Harm     .   (no gloves)
MR       .....                  (no barding)
Stlth    +.........             (no amulet)
Regen    0.2/turn               (no ring)
MPRegen  0.2/turn               i - +4 ring of protection

@: invisible, very quick
A: hooves 3, deformed body, speed 2, tough skin 3
a: no special abilities


You were on level 5 of the Dungeon.
You were not hungry.

You visited 1 branch of the dungeon, and saw 5 of its levels.

You collected 192 gold pieces.

Inventory:

Missiles
 a - 12 arrows
 q - 2 poisoned javelins (quivered)
Armour
 b - a +0 robe (worn)
 w - a +0 helmet (worn)
Jewellery
 i - a +4 ring of protection (left hand)
Scrolls
 h - 2 scrolls of noise
 m - 2 scrolls of teleportation
 p - a scroll of identify
Potions
 f - a potion of haste {unknown}
 g - a potion of might {unknown}
 l - a potion of invisibility
 n - a potion of magic {unknown}
 o - a potion of ambrosia {unknown}
 s - a potion of heal wounds {unknown}
 t - a potion of brilliance {unknown}
 v - a potion of lignification {unknown}
 z - a potion of mutation {unknown}
Books
 c - a book of Changes

   Spells                             Type                      Level
   a - Beastly Appendage              Transmutation                1
   b - Sticks to Snakes               Transmutation                2
   c - Spider Form                    Transmutation/Poison         3
   d - Ice Form                       Ice/Transmutation            4
   e - Blade Hands                    Transmutation                5
Comestibles
 d - 4 bread rations
 j - 4 chunks of flesh
 r - 2 royal jellies
 u - a meat ration


   Skills:
 + Level 3.0 Fighting
 - Level 1.3 Dodging
 * Level 5.5 Unarmed Combat
 - Level 1.5 Spellcasting
 * Level 4.5 Transmutations


You had 2 spell levels left.
You knew the following spells:

 Your Spells              Type           Power        Failure   Level  Hunger
a - Beastly Appendage     Tmut           ##....       4%          1    ##.....
b - Spider Form           Tmut/Pois      #.........   30%         3    ####...
c - Sticks to Snakes      Tmut           ##......     10%         2    ###....


Dungeon Overview and Level Annotations

Branches:
Dungeon (5/15)
 Temple: D:4-7

Altars:
Cheibriados
Trog

Annotations:
D:3 Atlas's ghost, amateur DsTm; Natasha
D:5 Duvessa


Innate Abilities, Weirdness & Mutations

You have hooves in place of feet.
Armour fits poorly on your strangely shaped body.
You cover ground very quickly.
You have extremely tough skin. (AC +3)


Message History

Duvessa hits you with a short sword!
* * * LOW HITPOINT WARNING * * *
The giant cockroach bites you but does no damage.
The howler monkey closely misses you.
You barely miss Duvessa.
Duvessa is heavily wounded.
Duvessa barely misses you. The orc hits you with a mace.
* * * LOW HITPOINT WARNING * * *
The giant cockroach closely misses you. The howler monkey closely misses you.
Duvessa misses you.
You barely miss Duvessa.
Duvessa is heavily wounded.
Duvessa hits you with a short sword!
* * * LOW HITPOINT WARNING * * *
The giant cockroach misses you. The orc barely misses you.
The howler monkey closely misses you.
You fade into invisibility!
Your transformation has ended.
Your +0 helmet unmelds from your body.
Your +0 robe unmelds from your body.
Duvessa hits you with a short sword!
You die...

#..........#
#..........#
#....(.....#
###..........#
...........##
#..........#
#...†.[...?#
#....e......
#..>@)......
#..osh......
........!..._..
######.........
...#.....!
...........
...........
............


You could see Duvessa (berserk), a howler monkey, an orc and a giant cockroach.

Vanquished Creatures
  A phantom (D:4)
  An ogre (D:4)
  Dowan (D:5)
  A hound (D:4)
  Jessica (D:2)
  An iguana (D:4)
  Terence (D:2)
  Robin (D:4)
  3 adders (D:2)
  2 oozes
  3 worms
  A dart slug (D:4)
  4 leopard geckos
  3 orcs
  A ball python (D:4)
  4 giant cockroaches
  26 goblins
  4 hobgoblins
  8 jackals (D:3)
  7 kobolds
  3 quokkas
  12 bats
  8 frilled lizards
  A leopard gecko skeleton (D:4)
  10 rats
108 creatures vanquished.

Notes
Turn   | Place    | Note
-------+----------+-------------------------------------------
     0 | D:1      | Firecrotchwizard the Centaur Transmuter began the quest for the Orb.
     0 | D:1      | Reached XP level 1. HP: 16/16 MP: 3/3
   286 | D:1      | Reached XP level 2. HP: 21/23 MP: 4/4
  1144 | D:2      | Reached XP level 3. HP: 28/28 MP: 5/5
  1276 | D:2      | Noticed Terence
  1291 | D:2      | Killed Terence
  1291 | D:2      | Reached skill level 4 in Unarmed Combat
  1352 | D:2      | Reached XP level 4. HP: 22/35 MP: 6/6
  1812 | D:2      | Learned a level 3 spell: Spider Form
  1831 | D:2      | Noticed Jessica
  1846 | D:2      | Killed Jessica
  2169 | D:2      | Found a bloodstained altar of Trog.
  2258 | D:3      | Reached XP level 5. HP: 41/41 MP: 7/7
  2471 | D:3      | Noticed Atlas's ghost (amateur DsTm)
  3004 | D:3      | Learned a level 2 spell: Sticks to Snakes
  3336 | D:3      | Noticed Natasha
  3374 | D:4      | Noticed Robin
  3485 | D:4      | Noticed an ogre
  3487 | D:4      | Noticed a phantom
  3494 | D:4      | Killed an ogre
  3542 | D:4      | Reached XP level 6. HP: 37/50 MP: 8/8
  3595 | D:4      | Reached skill level 5 in Unarmed Combat
  3910 | D:4      | Killed Robin
  4464 | D:5      | Entered Level 5 of the Dungeon
  4464 | D:5      | Found a snail-covered altar of Cheibriados.
  4464 | D:5      | Noticed Duvessa
  4464 | D:5      | Noticed Dowan
  4473 | D:5      | Killed Dowan
  4479 | D:5      | Slain by Duvessa

Vault maps used:
D:1:      shiori_arrival_maze
D:2:      first_bread, trog_butcher_becter, uniq_jessica, uniq_terence
D:3:      uniq_natasha
D:4:      uniq_robin
D:5:      temple_green, basic_altar, uniq_eustachio, uniq_duvessa

Skill      XL: |  1  2  3  4  5  6 |
---------------+-------------------+-----
Transmutations | 2 3 4 |  4.5
Unarmed Combat | 4 5 |  5.5
Fighting       | 2 3 |  3.0
Dodging        | |  1.3
Spellcasting   | |  1.5

Action                   |  1- 3 |  4- 6 || total
-------------------------+-------+-------++-------
Melee: Unarmed           |   126 |   307 ||   433
       Kick              |    16 |    51 ||    67
       Punch             |       |     7 ||     7
       Headbutt          |       |     2 ||     2
Throw: Javelin           |       |     2 ||     2
 Cast: Beastly Appendage |       |     1 ||     1
       Spider Form       |       |     1 ||     1
  Use: Scroll            |       |     8 ||     8
       Potion            |       |     1 ||     1
  Eat: Chunk             |     1 |     7 ||     8
       Royal jelly       |       |     1 ||     1
Armor: Robe              |    55 |   123 ||   178
       Skin              |       |     4 ||     4
Dodge: Dodged            |    63 |   133 ||   196
